 Dungeon Crawl Stone Soup version 0.23.2-40-g277498a (webtiles) character file.

Game seed: 6307514510239034512

5222 Fang the Fighter (level 10, -14/99 HPs)
             Began as a Gargoyle Berserker on Oct 15, 2019.
             Was a High Priest of Trog.
             Demolished by a death yak (17 damage)
             ... on level 9 of the Dungeon on Oct 16, 2019.
             The game lasted 00:10:38 (7325 turns).

Fang the Fighter (Gargoyle Berserker)               Turns: 7325, Time: 00:10:39

Health: -14/99     AC: 23    Str: 28    XL:     10   Next: 61%
Magic:  0/10       EV: 10    Int:  9    God:    Trog [*****.]
Gold:   460        SH:  0    Dex:  7    Spells: 9/9 levels left

rFire    . . .     SeeInvis .   i - +0 war axe (venom)
rCold    . . .     Gourm    .   (no shield)
rNeg     + . .     Faith    .   b - +2 plate armour
rPois    ∞         Spirit   +   (no helmet)
rElec    +         Reflect  .   (no cloak)
rCorr    .         Harm     .   (no gloves)
MR       .....                  (no boots)
Stlth    ..........             w - amulet of guardian spirit
HPRegen  0.26/turn              q - -2 ring of dexterity
MPRegen  0.12/turn              (no ring)

@: berserking (expiring), very quick
A: negative energy resistance 1, electricity resistance, unbreathing,
petrification resistance, rot immunity, AC +7
a: Berserk, Trog's Hand, Brothers in Arms, Renounce Religion


You were on level 9 of the Dungeon.
You worshipped Trog.
Trog was extremely pleased with you.
You were very hungry.

You visited 2 branches of the dungeon, and saw 10 of its levels.
You also visited: Sewer.

You collected 460 gold pieces.

Inventory:

Hand Weapons
 a - a +1 war axe
 i - a +0 war axe of venom (weapon)
Armour
 b - a +2 plate armour (worn)
Jewellery
 q - a -2 ring of dexterity (left hand)
 w - an amulet of guardian spirit (around neck)
 J - the amulet of Haism {Inacc rElec rF+++ Str+2}
   (You found it on level 7 of the Dungeon)

   [amulet of inaccuracy]

   It reduces the accuracy of all your attacks.
   It affects your strength (+2).
   It renders you almost immune to fire.
   It insulates you from electricity.
Wands
 j - a wand of scattershot (7)
 u - a wand of paralysis (16)
 x - a wand of polymorph (6)
Scrolls
 d - 2 scrolls of fear
 l - 4 scrolls of remove curse
 s - 2 scrolls of teleportation
 t - 2 scrolls of blinking
Potions
 e - 2 potions of agility {unknown}
 g - a potion of degeneration {unknown}
 h - 3 potions of curing
 k - 3 potions of might
 n - 2 potions of cancellation
 o - 2 potions of heal wounds
 p - 2 potions of haste
 r - a potion of lignification
 z - 4 potions of magic {unknown}
 A - a potion of brilliance {unknown}
 B - 6 potions of flight {unknown}
 C - 3 potions of ambrosia {unknown}
 D - a potion of invisibility {unknown}
 F - a potion of berserk rage {unknown}
Comestibles
 c - 24 rations
 f - 2 chunks of flesh


   Skills:
 + Level 9.1 Fighting
 + Level 7.6 Axes
 + Level 8.8 Armour
 + Level 6.6 Dodging


You had 9 spell levels left.
You didn't know any spells.
Your spell library was empty.

Dungeon Overview and Level Annotations

Branches:
Dungeon (9/15)             Temple (1/1) D:5            Lair (0/6) D:9
    Orc: D:9-12

Altars:
Ashenzari
Elyvilon
Fedhas
Hepliaklqana
Kikubaaqudgha
Makhleb
Okawaru
Qazlal
Trog
Uskayaw
Vehumet
Wu Jian
Yredelemnul
Zin
The Shining One

Shops:
D:6 [


Innate Abilities, Weirdness & Mutations

You are resistant to torment.
Your stone body is resilient. (AC +7)
You are immune to poison.
You resist negative energy. (rN+)
You are resistant to electric shocks. (rElec)
You can survive without breathing.
You are immune to petrification.
You are immune to rotting.


Message History

Trog accepts your kill.
You barely miss the worker ant. You hit the death yak but do no damage.
The death yak looks as sick as possible!
You kill the worker ant!
Trog accepts your kill.
The death yak gores you but does no damage.
The death yak barely misses you.
The phantom hits you but does no damage.
You barely miss the death yak.
The death yak is severely wounded.
You hit the death yak.
The death yak looks as sick as possible!
You slash the phantom!
You feel the power of Trog in you as your rage grows.
You destroy the phantom!
Trog accepts your kill. The death yak gores you!
* * * LOW HITPOINT WARNING * * *
The death yak gores you!!
You die...

..........##
#...........
#...........
#...........
#.......#...
#...........
#....†...>..
##...@†./....
#....YY......
#...##.......
#...# .#.....
#...# .......
#...# .......
#...######..#
#..........#.
#.#######..


You could see 2 death yaks.

Vanquished Creatures
  A death yak (D:9)
  Joseph (D:7)
  The ghost of Aisha the Charlatan, an amateur HuAr of Okawaru (D:3)
  A hippogriff (D:8)
  2 water moccasins (D:8)
  A porcupine (D:9)
  A sky beast (D:9)
  4 orc warriors
  2 phantoms
  A black bear (D:8)
  2 ice beasts
  4 ogres
  A centaur (D:7)
  7 bullfrogs
  2 scorpions
  14 killer bees
  4 howler monkeys
  A crimson imp (D:5)
  4 hounds
  3 orc priests
  3 jellies
  4 orc wizards (D:9)
  A bullfrog skeleton (D:8)
  2 centaur skeletons (D:5)
  2 iguanas
  4 worker ants
  A hound skeleton (D:8)
  A worker ant zombie (D:8)
  13 adders
  A shadow imp (D:8)
  An adder zombie (D:7)
  An adder skeleton (D:4)
  4 worms
  A dart slug (D:3)
  2 leopard geckos
  34 orcs
  5 giant cockroaches
  14 goblins
  6 hobgoblins
  10 jackals
  6 quokkas
  4 ball pythons
  4 bats
  9 frilled lizards
  A jackal skeleton (D:5)
  18 kobolds
  A quokka zombie (D:5)
  13 rats
223 creatures vanquished.

Vanquished Creatures (others)
  A hound skeleton (D:7)
  An adder (D:2)
  A jackal skeleton (D:7)
3 creatures vanquished.

Grand Total: 226 creatures vanquished

Notes
Turn   | Place    | Note
-------+----------+-------------------------------------------
     0 | D:1      | Fang the Gargoyle Berserker began the quest for the Orb.
     0 | D:1      | Reached XP level 1. HP: 14/14 MP: 1/1
    59 | D:1      | Reached XP level 2. HP: 19/19 MP: 2/2
   366 | D:1      | Reached ** piety under Trog
   396 | D:1      | Reached XP level 3. HP: 15/23 MP: 3/3
  1097 | D:2      | Found a white marble altar of Elyvilon.
  1136 | D:2      | Found a radiant altar of Vehumet.
  1161 | D:2      | Reached XP level 4. HP: 29/29 MP: 4/4
  1607 | D:3      | Reached skill level 4 in Fighting
  1848 | D:3      | Found a runed translucent door.
  1858 | D:3      | Reached XP level 5. HP: 30/33 MP: 5/5
  1946 | D:3      | Noticed Aisha's ghost (amateur HuAr)
  2024 | D:3      | Reached *** piety under Trog
  2077 | D:3      | Reached XP level 6. HP: 32/39 MP: 6/6
  2407 | D:3      | Killed Aisha's ghost
  2407 | D:3      | Reached skill level 5 in Fighting
  2407 | D:3      | Reached XP level 7. HP: 44/44 MP: 7/7
  2570 | D:4      | Found a shattered altar of Ashenzari.
  2695 | D:4      | Found a hide-covered altar of Uskayaw.
  2941 | D:4      | Found a basalt altar of Yredelemnul.
  2998 | D:4      | Found a stormy altar of Qazlal.
  3077 | D:5      | Entered Level 5 of the Dungeon
  3189 | D:5      | Reached skill level 5 in Armour
  3289 | D:5      | Found a staircase to the Ecumenical Temple.
  3367 | Temple   | Entered the Ecumenical Temple
  3607 | D:5      | Reached **** piety under Trog
  3607 | D:5      | Reached XP level 8. HP: 30/51 MP: 6/8
  3795 | D:6      | Found an iron altar of Okawaru.
  3808 | D:6      | Found an ancient bone altar of Kikubaaqudgha.
  3808 | D:6      | Found a burning altar of Makhleb.
  3811 | D:6      | Found a white marble altar of Elyvilon.
  3972 | D:6      | Reached skill level 6 in Fighting
  3972 | D:6      | Reached skill level 5 in Axes
  3974 | D:6      | Found a bloodstained altar of Trog.
  4024 | D:6      | Found a glowing golden altar of the Shining One.
  4317 | D:6      | Found Zeczin's Armour Boutique.
  4384 | D:6      | Found a glowing drain.
  4388 | Sewer    | Entered a sewer
  5023 | D:7      | Reached XP level 9. HP: 26/56 MP: 7/9
  5127 | D:7      | Reached skill level 7 in Fighting
  5135 | D:7      | Found a hazy altar of Hepliaklqana.
  5142 | D:7      | Reached skill level 5 in Dodging
  5185 | D:7      | Got a flickering emerald amulet
  5294 | D:7      | Found a glowing silver altar of Zin.
  5317 | D:7      | Found a blossoming altar of Fedhas.
  5403 | D:7      | Noticed Joseph
  5416 | D:7      | Killed Joseph
  5576 | D:8      | Identified the amulet of Haism {Inacc rElec rF+++ Str+2}
                  | (You found it on level 7 of the Dungeon)
  5937 | D:8      | Reached skill level 8 in Fighting
  5945 | D:8      | Reached ***** piety under Trog
  6257 | D:8      | Reached XP level 10. HP: 64/64 MP: 10/10
  6539 | D:8      | Found an ornate altar of the Wu Jian Council.
  7307 | D:9      | Noticed a death yak
  7308 | D:9      | Found a staircase to the Lair.
  7308 | D:9      | Noticed a death yak
  7309 | D:9      | Noticed a death yak
  7316 | D:9      | Killed a death yak
  7316 | D:9      | Reached skill level 9 in Fighting
  7325 | D:9      | HP: 3/99 [death yak (10)]
  7325 | D:9      | Demolished by a death yak

Skill      XL: |  1  2  3  4  5  6  7  8  9 10 |
---------------+-------------------------------+-----
Axes           | 3 4 5 6 7 |  7.6
Dodging        | 2 3 4 5 6 |  6.6
Armour         | 3 4 5 6 7 8 |  8.8
Fighting       | 4 5 6 8 9 |  9.1

Action                   |  1- 3 |  4- 6 |  7- 9 | 10-12 || total
-------------------------+-------+-------+-------+-------++-------
Melee: Hand axe          |    91 |   170 |     4 |       ||   265
       War axe           |       |       |   537 |   126 ||   663
Invok: Berserk           |     1 |     2 |     6 |     4 ||    13
       Trog's Hand       |       |       |     2 |       ||     2
  Use: Potion            |       |       |     2 |       ||     2
       Scroll            |       |       |    18 |       ||    18
  Eat: Chunk             |     2 |     5 |    18 |     6 ||    31
       Ration            |       |       |     1 |       ||     1
Armor: Animal skin       |    34 |     9 |       |       ||    43
       Chain mail        |       |   112 |   341 |       ||   453
       Plate armour      |       |       |   155 |   122 ||   277
Dodge: Dodged            |    68 |   111 |   364 |    61 ||   604
